 Dungeon Crawl Stone Soup version 0.21.1-1-g345015f (webtiles) character file.

17 troglodite the Vexing (level 2, 0/21 HPs)
             Began as a Demonspawn Arcane Marksman on Feb 28, 2018.
             Slain by Terence
             ... wielding a cursed -1 hand axe
              (2 damage)
             ... on level 2 of the Dungeon.
             The game lasted 00:01:55 (508 turns).

troglodite the Vexing (Demonspawn Arcane Marksman)   Turns: 508, Time: 00:01:56

Health: 0/21       AC:  2    Str: 10    XL:     2   Next: 44%
Magic:  3/3        EV: 12    Int: 14    God:
Gold:   23         SH:  0    Dex: 13    Spells: 2/3 levels left

rFire    . . .     SeeInvis .   a - +0 hand crossbow
rCold    + . .     Gourm    .   (no shield)
rNeg     . . .     Faith    .   e - +0 robe
rPois    .         Spirit   .   (helmet restricted)
rElec    .         Reflect  .   (no cloak)
rCorr    .         Harm     .   (no gloves)
MR       .....                  (no boots)
Stlth    +.........             (no amulet)
HPRegen  0.07/turn              k - ring of protection from cold
MPRegen  0.08/turn              (no ring)

@: no status effects
A: horns 1
a: no special abilities


You were on level 2 of the Dungeon.
You were not hungry.

You visited 1 branch of the dungeon, and saw 2 of its levels.

You collected 23 gold pieces.

Inventory:

Hand Weapons
 a - a +0 hand crossbow (weapon)
Missiles
 d - 26 bolts (quivered)
Armour
 e - a +0 robe (worn)
Jewellery
 k - a ring of protection from cold (left hand)
Scrolls
 g - 3 scrolls of identify {unknown}
 h - a scroll of remove curse {unknown}
 j - a scroll of enchant weapon {unknown}
Potions
 b - a potion of berserk rage {unknown}
 i - a potion of might {unknown}
 l - a potion of invisibility {unknown}
 m - a potion of brilliance {unknown}
 n - a potion of heal wounds {unknown}
Books
 c - a book of Debilitation

   Spells                             Type                      Level
   a - Corona                         Hexes                        1
   b - Slow                           Hexes                        2
   c - Inner Flame                    Hexes/Fire                   3
   d - Portal Projectile              Hexes/Translocation          3
   e - Cause Fear                     Hexes                        4
   f - Leda's Liquefaction            Hexes/Earth                  4
Comestibles
 f - a ration


   Skills:
 * Level 1.1 Fighting
 * Level 2.0 Crossbows
 * Level 1.9 Dodging
 * Level 1.1 Spellcasting
 * Level 3.4 Hexes


You had 2 spell levels left.
You knew the following spells:

 Your Spells              Type           Power        Failure   Level  Hunger
a - Corona                Hex            ##.....      6%          1    ##.....


Dungeon Overview and Level Annotations

Branches:
Dungeon (2/15)

Altars:

Annotations:
D:2 Terence


Innate Abilities, Weirdness & Mutations

You have a pair of small horns on your head.


Message History

Firing (i - inventory):
d - 29 bolts (quivered)
Press: ? - help, Shift-Dir - straight line, f/p - Terence
Aim: Terence, wielding a hand axe and wearing a scale mail (heavily wounded)
You shoot a bolt. The bolt barely misses Terence.
Terence hits you with a hand axe.
* * * LOW HITPOINT WARNING * * *
Firing (i - inventory):
d - 28 bolts (quivered)
Press: ? - help, Shift-Dir - straight line, f/p - Terence
Aim: Terence, wielding a hand axe and wearing a scale mail (heavily wounded)
You shoot a bolt.
The bolt hits Terence but does no damage.
Terence is heavily wounded.
Terence barely misses you.
Firing (i - inventory):
d - 27 bolts (quivered)
Press: ? - help, Shift-Dir - straight line, f/p - Terence
Aim: Terence, wielding a hand axe and wearing a scale mail (heavily wounded)
You shoot a bolt. The bolt hits Terence.
Terence is severely wounded.
Terence hits you with a hand axe.
You die...

#.....#
##.......
#(.......
+...)....
...####........
.......%.......
..#####(#.....#
#@##...## #@#
#+## #.# ..#
####


You could see Terence.

Vanquished Creatures
  2 oozes (D:1)
  A bat (D:1)
  A giant cockroach (D:1)
  A goblin (D:1)
  A hobgoblin (D:1)
  A frilled lizard (D:1)
  A kobold (D:1)
  2 rats (D:1)
10 creatures vanquished.

Notes
Turn   | Place    | Note
-------+----------+-------------------------------------------
     0 | D:1      | troglodite the Demonspawn Arcane Marksman began the quest for the Orb.
     0 | D:1      | Reached XP level 1. HP: 15/15 MP: 2/2
   166 | D:1      | Gained mutation: You have a pair of small horns on your head. [demonic ancestry]
   166 | D:1      | Reached XP level 2. HP: 21/21 MP: 3/3
   492 | D:2      | Noticed Terence
   508 | D:2      | Slain by Terence

Skill      XL: |  1  2 |
---------------+-------+-----
Crossbows      | 2 |  2.0
Fighting       | |  1.1
Dodging        | |  1.9
Spellcasting   | |  1.1
Hexes          | |  3.4

Action                   || total
-------------------------++-------
 Fire: Hand crossbow     ||    32
Armor: Robe              ||     2
Dodge: Dodged            ||     5
